 Dungeon Crawl Stone Soup version 0.19.4-10-g532645f (webtiles) character file.

436 Kosschaser the Grave Robber (level 6, 0/41 HPs)
             Began as a Demonspawn Necromancer on Feb 25, 2017.
             Succumbed to a worker ant's poison
             ... on level 4 of the Dungeon.
             The game lasted 00:26:44 (4400 turns).

Kosschaser the Grave Robber (DsNe)                  Turns: 4400, Time: 00:26:44

Health: 0/41       AC:  3    Str: 14    XL:     6   Next: 68%
Magic:  6/12       EV: 13    Int: 18    God:
Gold:   122        SH:  6    Dex: 13    Spells: 3 memorised, 8 levels left

rFire  . . .     SeeInvis .       - Unarmed
rCold  . . .     Gourm    .     a - +0 robe
rNeg   + . .     Faith    .     (no shield)
rPois  .         Spirit   .     (no helmet)
rElec  .         Reflect  .     l - +0 cloak
rCorr  .         Harm     .     (no gloves)
MR     .....                    (no boots)
Stlth  ++........               (no amulet)
                                (no ring)
                                g - ring of positive energy

@: mighty, lethally poisoned (0 -> -4)
A: large bone plates 2, rot immunity
a: no special abilities


You were on level 4 of the Dungeon.
You were hungry.

You visited 1 branch of the dungeon, and saw 4 of its levels.

You collected 122 gold pieces.

Inventory:

Armour
 a - a +0 robe (worn)
 i - a +0 pair of boots
 l - a +0 cloak (worn)
Jewellery
 g - a ring of positive energy (left hand)
 u - an uncursed ring of see invisible {unknown}
Scrolls
 e - 2 scrolls of identify {unknown}
 h - a scroll of noise {unknown}
 j - 3 scrolls of blinking
 m - 2 scrolls of enchant armour {unknown}
 n - 2 scrolls of remove curse {unknown}
 q - 4 scrolls of enchant weapon {unknown}
 x - 2 scrolls of recharging {unknown}
 A - a scroll of teleportation {unknown}
Potions
 d - a potion of beneficial mutation {unknown}
 f - a potion of resistance {unknown}
 k - a potion of curing {unknown}
 o - a potion of heal wounds {unknown}
 r - a potion of mutation {unknown}
 s - a potion of might
 t - a potion of lignification {unknown}
 w - 2 potions of cancellation {unknown}
Books
 b - a book of Necromancy

   Spells                             Type                      Level
   a - Pain                           Necromancy                   1
   b - Animate Skeleton               Necromancy                   1
   c - Vampiric Draining              Necromancy                   3
   d - Regeneration                   Charms/Necromancy            3
   e - Animate Dead                   Necromancy                   4
   f - Control Undead                 Necromancy                   4
 y - a Necronomicon

   Spells                             Type                      Level
   a - Haunt                          Necromancy/Summoning         7
   b - Borgnjor's Revivification      Necromancy                   8
   c - Death's Door                   Charms/Necromancy            8
   d - Infestation                    Necromancy                   8
   e - Necromutation                  Transmutation/Necromancy     8
Comestibles
 c - 3 bread rations
 p - a beef jerky
 v - a royal jelly
 z - a meat ration


   Skills:
 + Level 2.4 Dodging
 + Level 1.8 Stealth
 + Level 1.0 Unarmed Combat
 + Level 4.6 Spellcasting
 + Level 6.7 Necromancy


You had 8 spell levels left.
You knew the following spells:

 Your Spells              Type           Power        Failure   Level  Hunger
a - Pain                  Necr           ####         1%          1    None
b - Animate Skeleton      Necr           N/A          1%          1    None
c - Animate Dead          Necr           N/A          12%         4    ####...


Dungeon Overview and Level Annotations

Branches:
Dungeon (4/15)
 Temple: D:4-7

Altars:
Dithmenos
Elyvilon
Fedhas
Ru
Sif Muna
Yredelemnul
Zin


Innate Abilities, Weirdness & Mutations

You are mostly covered in large bone plates. (SH +6)
You are immune to rotting.


Message History

* * * LOW HITPOINT WARNING * * *
You feel sick. The worker ant bites you.
* * * LOW HITPOINT WARNING * * *
You feel sick.
You are no longer poisoned.
The worker ant bites you but does no damage.
Casting: Pain
Confirm with . or Enter, or press ? or * to list all spells.
Aiming: Pain
Press: ? - help, Shift-Dir - straight line, f - worker ant
Aim: a worker ant (lightly wounded, chance to defeat MR: 89%)
The worker ant barely resists.
You block the worker ant's attack. The worker ant bites you.
* * * LOW HITPOINT WARNING * * *
You are lethally poisoned!
The worker ant poisons you!
It was a potion of might.
You feel very mighty all of a sudden.
You die...

#≈≈...≈≈#.#
.###≈..♣..≈#.#####.#.
.(......(..........#.
#...♣._.♣.....?...#.
##................#.
##≈..♣..≈#.......#.
#≈≈...≈≈#.........
####†..###.........
#.@a..............w
#.#.###############
#.#............# #
##.#.........##.# #
..............)#.# #
###.#....(.....#.# #
###.#..........#.# # .
+......)..)....#.# #
....###.#########..#.#
#


You could see a worker ant.

Vanquished Creatures
  Sigmund (D:4)
  A hound (D:4)
  2 orc priests (D:3)
  A centaur skeleton (D:4)
  3 gnolls (D:2)
  3 adders
  2 oozes
  4 worms (D:2)
  3 dart slugs
  3 leopard geckos
  7 orcs
  A giant cockroach (D:3)
  6 goblins
  5 hobgoblins
  3 jackals (D:3)
  2 quokkas (D:3)
  2 bats
  5 frilled lizards
  9 kobolds
  8 rats
71 creatures vanquished.

Vanquished Creatures (collateral kills)
  A gnoll (D:2)
  A giant cockroach (D:3)
  A goblin (D:2)
  A quokka (D:3)
  A bat (D:3)
  A frilled lizard (D:1)
  A kobold (D:1)
  2 rats (D:1)
9 creatures vanquished.

Vanquished Creatures (others)
  A quokka (D:4)
1 creature vanquished.

Grand Total: 81 creatures vanquished

Notes
Turn   | Place    | Note
-------+----------+-------------------------------------------
     0 | D:1      | Kosschaser the Demonspawn Necromancer began the quest for the Orb.
     0 | D:1      | Reached XP level 1. HP: 13/13 MP: 3/3
    83 | D:1      | Learned a level 1 spell: Animate Skeleton
   462 | D:1      | Gained mutation: You are partially covered in large bone plates. (SH +4) [demonic ancestry]
   462 | D:1      | Reached XP level 2. HP: 15/19 MP: 1/5
   924 | D:1      | Reached skill level 5 in Necromancy
  1112 | D:2      | Reached XP level 3. HP: 19/24 MP: 1/6
  1714 | D:2      | Found a basalt altar of Yredelemnul.
  1714 | D:2      | Found a shadowy altar of Dithmenos.
  1767 | D:2      | Gained mutation: You are mostly covered in large bone plates. (SH +6) [demonic ancestry]
  1767 | D:2      | Reached XP level 4. HP: 12/30 MP: 1/8
  2105 | D:2      | Found a deep blue altar of Sif Muna.
  2106 | D:2      | Found a blossoming altar of Fedhas.
  2107 | D:2      | Found a sacrificial altar of Ru.
  2691 | D:3      | Found a glowing silver altar of Zin.
  2715 | D:3      | Learned a level 4 spell: Animate Dead
  2901 | D:3      | Reached XP level 5. HP: 26/35 MP: 4/10
  3106 | D:3      | Reached skill level 6 in Necromancy
  3838 | D:4      | Noticed Sigmund
  4109 | D:4      | Killed Sigmund
  4109 | D:4      | Gained mutation: You are immune to rotting. [demonic ancestry]
  4109 | D:4      | Reached XP level 6. HP: 14/41 MP: 2/12
  4322 | D:4      | Found a white marble altar of Elyvilon.
  4335 | D:4      | Reached skill level 1 in Unarmed Combat
  4399 | D:4      | HP: 1/41 [worker ant (3)]
  4400 | D:4      | Succumbed to a worker ant's poison

Skill      XL: |  1  2  3  4  5  6 |
---------------+-------------------+-----
Necromancy     | 5 6 |  6.7
Dodging        | 2 |  2.4
Spellcasting   | 3 4 |  4.6
Unarmed Combat | 1 |  1.0
Stealth        | |  1.8

Action                   |  1- 3 |  4- 6 || total
-------------------------+-------+-------++-------
Melee: Unarmed           |       |    22 ||    22
 Cast: Pain              |    78 |    99 ||   177
       Animate Skeleton  |    10 |    12 ||    22
       Animate Dead      |       |     3 ||     3
  Use: Scroll            |       |     1 ||     1
       Potion            |       |     1 ||     1
  Eat: Chunk             |     3 |     8 ||    11
Armor: Robe              |     2 |     9 ||    11
Dodge: Dodged            |    15 |    46 ||    61
Block: Other             |     6 |    21 ||    27
